 Dungeon Crawl Stone Soup version 0.20.0-7-g3b7b877 (webtiles) character file.

543 dorian the Firebug (level 7, 0/41 HPs)
             Began as an Octopode Fire Elementalist on May 29, 2017.
             Slain by a hound (4 damage)
             ... on level 4 of the Dungeon.
             The game lasted 00:09:44 (4419 turns).

dorian the Firebug (Octopode Fire Elementalist)     Turns: 4419, Time: 00:09:45

Health: 0/41       AC:  1    Str:  7      XL:     7   Next: 27%
Magic:  4/10       EV: 13    Int: 18 (19) God:
Gold:   141        SH:  0    Dex: 13      Spells: 9/10 levels left

rFire    + . .     SeeInvis .   c - +2 dagger (venom)
rCold    + . .     Gourm    .   (no shield)
rNeg     . . .     Faith    .   (helmet restricted)
rPois    +         Spirit   .   (no amulet)
rElec    +         Reflect  .   (no ring)
rCorr    +         Harm     .   (no ring)
MR       .....                  (no ring)
Stlth    +++.......             (no ring)
Regen    0.2/turn               (no ring)
MPRegen  0.2/turn               (no ring)
                                (no ring)
                                (no ring)

@: resistant, very slightly contaminated
A: almost no armour, stealthy swim, amphibious, 8 rings, constrict 8, camouflage
1, gelatinous body 1
a: no special abilities


You were on level 4 of the Dungeon.
You were not hungry.

You visited 1 branch of the dungeon, and saw 4 of its levels.

You collected 141 gold pieces.

Inventory:

Hand Weapons
 c - a +2 dagger of venom (weapon)
 d - a +1 dagger of freezing
Scrolls
 f - a scroll of identify
 h - a scroll of enchant weapon
 k - a scroll of magic mapping {unknown}
 l - a scroll of recharging {unknown}
 o - a scroll of enchant armour {unknown}
 q - a scroll of amnesia {unknown}
Potions
 g - a potion of agility
 i - a potion of magic
Books
 a - a book of Flames

   Spells                             Type                      Level
   a - Flame Tongue                   Conjuration/Fire             1
   b - Throw Flame                    Conjuration/Fire             2
   c - Conjure Flame                  Conjuration/Fire             3
   d - Inner Flame                    Hexes/Fire                   3
   e - Sticky Flame                   Conjuration/Fire             4
   f - Fireball                       Conjuration/Fire             5
Comestibles
 b - a chunk of flesh
 m - a royal jelly
 n - a meat ration


   Skills:
 - Level 2.0 Dodging
 - Level 2.6 Stealth
 - Level 2.0 Spellcasting
 + Level 5.2 Conjurations
 + Level 6.1 Fire Magic


You had 9 spell levels left.
You knew the following spells:

 Your Spells              Type           Power        Failure   Level  Hunger
a - Flame Tongue          Conj/Fire      ###..        1%          1    #......


Dungeon Overview and Level Annotations

Branches:
Dungeon (4/15)
 Temple: D:4-7

Altars:


Innate Abilities, Weirdness & Mutations

You cannot wear most types of armour.
You are very stealthy in the water. (Stealth+)
You are amphibious.
You can wear up to eight rings at the same time.
You can use your tentacles to constrict eight enemies at once.
Your skin changes colour to match your surroundings (Stealth+).
Your rubbery body absorbs attacks. (AC +1, EV +1)


Message History

* * * LOW HITPOINT WARNING * * *
As you read the scroll labeled USTU FUROLUQ, it crumbles to dust.
You hear a loud clanging noise!
It was a scroll of noise.
The hound bites you but does no damage.
As you read the scroll labeled NEICAC QUGO, it crumbles to dust.
It is a scroll of identify.
h - a scroll of enchant weapon The hound bites you.
* * * LOW HITPOINT WARNING * * *
The hound bites you but does no damage.
A worm comes into view.
Okay, then.
It was a potion of resistance.
You feel protected. The hound barely misses you.
As you read the scroll labeled YFEIQU OTTEDIS, it crumbles to dust.
The creatures around you are filled with an inner flame!
It was a scroll of immolation.
The hound barely misses you. The hound bites you.
You die...

...............# ..
.#######.#.....# ...
...).....##.#......
...
.######..##.#.#####
.. .# #........# .
.# ##..##.#######.#
. .# #..##.........
.w. .#
#.........###.....
.# ##........@hho#
.#
####.######.####..#(
.# #....# #.# h .#
#.#### #.# .# #.#
#.# .# #.# #.#
#####.# #.# ......#
#.# #######


You could see a worm (inner flame), 3 hounds, a dagger and an orc (inner flame).

Vanquished Creatures
  The ghost of dorian the Firebug, an amateur OpFE (D:3)
  A sky beast (D:3)
  A howler monkey (D:3)
  2 orc priests (D:4)
  An orc wizard (D:4)
  2 iguanas (D:4)
  A worker ant (D:4)
  Robin (D:2)
  3 adders
  3 worms
  3 dart slugs
  4 leopard geckos
  5 orcs
  2 giant cockroaches
  17 goblins
  15 hobgoblins
  2 jackals (D:3)
  8 bats
  7 frilled lizards
  4 kobolds
  7 rats
90 creatures vanquished.

Notes
Turn   | Place    | Note
-------+----------+-------------------------------------------
     0 | D:1      | dorian the Octopode Fire Elementalist began the quest for the Orb.
     0 | D:1      | Reached XP level 1. HP: 11/11 MP: 3/3
   484 | D:1      | Reached XP level 2. HP: 17/17 MP: 5/5
   896 | D:2      | Reached XP level 3. HP: 18/21 MP: 3/6
  1381 | D:2      | Reached skill level 4 in Fire Magic
  1481 | D:2      | Reached XP level 4. HP: 24/27 MP: 7/7
  1489 | D:2      | Found a faded altar of an unknown god.
  1768 | D:2      | Noticed Robin
  1905 | D:2      | Killed Robin
  2657 | D:3      | Noticed dorian's ghost (amateur OpFE)
  2698 | D:4      | Noticed a sky beast
  2735 | D:3      | Reached XP level 5. HP: 11/31 MP: 4/8
  2983 | D:3      | HP: 1/31 [dorian's ghost (5)]
  2985 | D:3      | Killed dorian's ghost
  2985 | D:3      | Reached skill level 5 in Fire Magic
  2985 | D:3      | Reached XP level 6. HP: 10/36 MP: 0/9
  3644 | D:3      | Killed a sky beast
  3913 | D:4      | Reached XP level 7. HP: 41/41 MP: 0/10
  4031 | D:4      | Reached skill level 5 in Conjurations
  4196 | D:4      | Reached skill level 6 in Fire Magic
  4406 | D:4      | Noticed a dagger
  4419 | D:4      | Slain by a hound

Skill      XL: |  1  2  3  4  5  6  7 |
---------------+----------------------+-----
Conjurations   | 2 3 4 5 |  5.2
Fire Magic     | 4 5 6 |  6.1
Dodging        | |  2.0
Stealth        | |  2.6
Spellcasting   | |  2.0

Action                   |  1- 3 |  4- 6 |  7- 9 || total
-------------------------+-------+-------+-------++-------
Melee: Dagger            |    43 |    44 |     7 ||    94
       Constrict         |     8 |     6 |     2 ||    16
       Tentacles         |     6 |     4 |     2 ||    12
 Cast: Flame Tongue      |    30 |    79 |    23 ||   132
  Use: Potion            |       |     7 |     1 ||     8
       Scroll            |       |       |     3 ||     3
 Stab: Sleeping          |     4 |     1 |       ||     5
  Eat: Chunk             |     2 |     3 |       ||     5
       Bread ration      |       |     2 |       ||     2
Armor: Skin              |     4 |     4 |     4 ||    12
Dodge: Dodged            |    30 |    46 |    11 ||    87
